 Dungeon Crawl Stone Soup version 0.26-a0-712-ga5a9c9c9d0 (webtiles) character file.

Game seed: 15916146824213591144

2779 kae the Martial Artist (level 9, 0/54 HPs)
             Began as an Octopode Transmuter on Nov 6, 2020.
             Was a Follower of Hepliaklqana.
             Slain by a black bear (2 damage)
             ... on level 9 of the Dungeon.
             The game lasted 00:07:58 (10881 turns).

kae the Martial Artist (Octopode Transmuter)       Turns: 10881, Time: 00:07:59

Health: 0/54       AC:  1    Str: 12    XL:     9   Next: 70%
Magic:  8/13       EV: 15    Int: 16    God:    Hepliaklqana [*.....]
Gold:   490        SH:  0    Dex: 12    Spells: 1/14 levels left

rFire    x . .     SeeInvis .     - Unarmed
rCold    + . .     Faith    .   (shield currently unavailable)
rNeg     . . .     Spirit   .   (helmet restricted)
rPois    +         Reflect  .   (no amulet)
rElec    .         Harm     .   a - ring of ice
rCorr    .         Rampage  .   i - ring of poison resistance
MR       .....                  (no ring)
Stlth    ++........             (no ring)
HPRegen  0.18/turn              (no ring)
MPRegen  0.13/turn              (no ring)
                                (no ring)
                                (no ring)

@: confused, blade tentacles, very slightly contaminated
A: almost no armour, stealthy swim, amphibious, 8 rings, constrict 8, reduced
essence, camouflage 1, poison resistance, wild magic 1, gelatinous body 1
a: End Transformation, Recall Ancestor, Ancestor Identity, Renounce Religion


You were on level 9 of the Dungeon.
You worshipped Hepliaklqana.
Hepliaklqana was aware of your devotion.
You had blades for tentacles.
You visited 1 branch of the dungeon, and saw 9 of its levels.
You also visited: Ossuary.

You collected 490 gold pieces.

Inventory:

Jewellery
 a - a ring of ice (left scythe-like blade)
 i - a ring of poison resistance (right scythe-like blade)
 u - an uncursed ring of fire
Wands
 k - a wand of polymorph (8)
 l - a wand of flame (16)
 m - a wand of enslavement (10)
 p - a wand of paralysis (6)
Scrolls
 b - 4 scrolls of remove curse
 g - 6 scrolls of identify
 h - a scroll of enchant armour
 r - 2 scrolls of magic mapping
Potions
 c - 2 potions of brilliance
 e - 5 potions of curing
 f - 2 potions of stabbing
 j - 2 potions of mutation
 n - a potion of flight
 q - 2 potions of haste
 s - a potion of resistance


   Skills:
 + Level 5.1 Fighting
 + Level 5.5 Dodging
 * Level 8.0 Unarmed Combat
 - Level 3.0 Spellcasting
 * Level 7.6 Transmutations


You had one spell level left.
You knew the following spells:

 Your Spells              Type           Power        Failure   Level
a - Beastly Appendage     Tmut           #####.       21%         1
b - Spider Form           Tmut/Pois      ###.......   58%         3
c - Blade Hands           Tmut           #####.....   73%         5
d - Ice Form              Ice/Tmut       ####....     85%         4

Your spell library contained the following spells:

 Spells                   Type           Power        Failure   Level
 Wereblood                Tmut           #####...     24%         2
 Petrify                  Tmut/Erth      ###.....     85%         4
 Confusing Touch          Hex            #.......     91%         3
 Gell's Gravitas          Tloc           #.........   91%         3
 Yara's Violent Unravell  Hex/Tmut       ###.......   98%         5
 Metabolic Englaciation   Hex/Ice        #.........   100%        5


Dungeon Overview and Level Annotations

Branches:
Dungeon (9/15)             Temple (0/1) D:5         Ossuary (visited)
   Lair: D:8-11         Orc: D:9-12

Altars:
Ashenzari
Dithmenos
Hepliaklqana
Kikubaaqudgha
Nemelex Xobeh
Sif Muna
Trog
Uskayaw
Vehumet
Xom


Innate Abilities, Weirdness & Mutations

You cannot wear most types of armour.
You are very stealthy in the water. (Stealth+)
You are amphibious.
You can wear up to eight rings at the same time.
You can use your tentacles to constrict eight enemies at once.
Your skin changes colour to match your surroundings (Stealth+).
Your rubbery body absorbs attacks. (AC +1, EV +1)
Your life essence is reduced to manifest your ancestor. (-10% HP)
Your system is resistant to poisons. (rPois)
Your spells are a little harder to cast, but a little more powerful.


Message History

You are lightly contaminated with residual magic.
Casting: Blade Hands (quite dangerous; 30% risk of failure)
Confirm with . or Enter, or press ? or * to list all spells.
The spell is quite dangerous to cast (30% risk of failure)!
Continue anyway? [Y]es or [N]o only, please.
The spell is quite dangerous to cast (30% risk of failure)!
Continue anyway?
Your tentacles turn into razor-sharp scythe blades.
Okay, then.
You hit the black bear. Your grab misses the black bear.
Your squeeze misses the black bear.
The black bear is lightly wounded.
The black bear misses you. The black bear claws you.
* * * LOW HITPOINT WARNING * * *
The black bear claws you.
* * * LOW HITPOINT WARNING * * *
You are confused.
You feel invigorated. The black bear bites you!
* * * LOW HITPOINT WARNING * * *
The black bear claws you.
You die...

##########
...(.....##
..........#
..........# .
.(....h...#....
.......@.......
.........##....
.........# .
.........#
.........#
##.####### ...
##


You could see a black bear.

Vanquished Creatures
  Pikel (D:4)
  Prince Ribbit (D:8)
  A wraith (Ossuary)
  Edmund (D:4)
  A black bear (D:6)
  A sky beast (D:5)
  A phantom (D:7)
  A centaur (D:6)
  2 lemures
  An elf zombie (Ossuary)
  A bullfrog (D:3)
  A wight (D:8)
  4 howler monkeys
  2 vampire bats (D:2)
  An orc priest (D:5)
  Crazy Yiuf (D:3)
  4 hounds
  2 orc wizards
  3 worker ants
  A hound zombie (D:6)
  3 mummies (Ossuary)
  9 gnolls
  6 adders
  A river rat (D:6)
  A white imp (D:7)
  An ufetubus (D:5)
  An ooze (D:1)
  An adder zombie (D:6)
  An adder skeleton (D:6)
  3 worms
  A dart slug (D:1)
  3 leopard geckos
  18 orcs
  5 bats
  2 bat skeletons (D:2)
  3 bat zombies (D:2)
  3 giant cockroaches
  A gnoll zombie (Ossuary)
  5 goblins
  6 hobgoblins
  4 jackals (D:2)
  2 quokkas (D:2)
  2 ball pythons (D:1)
  6 frilled lizards
  3 goblin zombies (Ossuary)
  A hobgoblin zombie (Ossuary)
  5 kobolds
  2 kobold zombies (Ossuary)
  5 rats
135 creatures vanquished.

Vanquished Creatures (collateral kills)
  2 phantoms (D:4)
  A centaur (D:6)
  A lemure (D:4)
  A howler monkey (D:7)
  An orc priest (D:7)
  A bullfrog skeleton (D:7)
  3 orc wizards
  A howler monkey zombie (D:6)
  An adder (D:7)
  A white imp (D:5)
  5 orcs
  A giant cockroach (D:6)
  A leopard gecko zombie (D:4)
  A rat (D:6)
21 creatures vanquished.

Vanquished Creatures (others)
  An ancestor (D:8)
  14 plants (D:5)
15 creatures vanquished.

Grand Total: 171 creatures vanquished

Notes
Turn   | Place    | Note
-------+----------+-------------------------------------------
     0 | D:1      | kae the Octopode Transmuter began the quest for the Orb.
     0 | D:1      | Reached XP level 1. HP: 13/13 MP: 3/3
   109 | D:1      | Reached XP level 2. HP: 15/18 MP: 3/5
  1288 | D:1      | Reached XP level 3. HP: 19/23 MP: 4/6
  1732 | D:2      | Reached XP level 4. HP: 20/28 MP: 5/7
  2390 | D:2      | Found a sparkling altar of Nemelex Xobeh.
  2665 | D:2      | Reached XP level 5. HP: 8/34 MP: 6/8
  3030 | D:2      | Reached skill level 4 in Unarmed Combat
  3102 | D:2      | Found an ancient bone altar of Kikubaaqudgha.
  3465 | D:3      | Found a runed translucent door.
  3466 | D:3      | Noticed Crazy Yiuf
  3495 | D:3      | Found a shimmering altar of Xom.
  3500 | D:3      | Reached XP level 6. HP: 21/39 MP: 10/10
  3513 | D:3      | Learned a level 3 spell: Spider Form
  3519 | D:3      | Learned a level 5 spell: Blade Hands
  3717 | D:3      | Found a faded altar of an unknown god.
  3979 | D:3      | Found a hazy altar of Hepliaklqana.
  4144 | D:3      | Found a bloodstained altar of Trog.
  4380 | D:3      | Found a radiant altar of Vehumet.
  4380 | D:3      | Found a broken altar of Ashenzari.
  4380 | D:3      | Found a hide-covered altar of Uskayaw.
  4889 | D:3      | Killed Crazy Yiuf
  4969 | D:4      | Noticed Pikel
  5193 | D:4      | Noticed Edmund
  5213 | D:4      | Killed Edmund
  5213 | D:4      | Reached skill level 5 in Unarmed Combat
  5213 | D:4      | Reached XP level 7. HP: 31/45 MP: 8/11
  5534 | D:4      | Found a shimmering blue altar of Sif Muna.
  5803 | D:3      | Became a worshipper of Hepliaklqana the Forgotten
  6152 | D:4      | Killed Pikel
  6152 | D:4      | Reached skill level 6 in Unarmed Combat
  6152 | D:4      | Reached skill level 5 in Transmutations
  6152 | D:4      | Reached XP level 8. HP: 36/47 MP: 8/12
  6398 | D:5      | Entered Level 5 of the Dungeon
  6416 | D:5      | Found a staircase to the Ecumenical Temple.
  8044 | D:6      | Reached XP level 9. HP: 42/52 MP: 10/13
  8076 | D:6      | Reached skill level 7 in Unarmed Combat
  8457 | D:6      | Reached skill level 5 in Dodging
  8708 | D:6      | Reached * piety under Hepliaklqana
  9270 | D:7      | Found a shadowy altar of Dithmenos.
  9596 | D:7      | Found a shimmering blue altar of Sif Muna.
  9969 | D:8      | Found a sand-covered staircase.
 10006 | D:8      | Gained mutation: Your body sometimes deteriorates upon
                  | taking damage. [potion of mutation]
 10006 | D:8      | Gained mutation: You are frail. (-10% HP) [potion of
                  | mutation]
 10006 | D:8      | Lost mutation: Your body sometimes deteriorates upon taking
                  | damage. [potion of mutation]
 10006 | D:8      | Gained mutation: One of your tentacles bears a spike.
                  | [potion of mutation]
 10007 | D:8      | Lost mutation: One of your tentacles bears a spike. [potion
                  | of mutation]
 10007 | D:8      | Lost mutation: You are frail. (-10% HP) [potion of
                  | mutation]
 10007 | D:8      | Gained mutation: Your spells are a little harder to cast,
                  | but a little more powerful. [potion of mutation]
 10007 | D:8      | Gained mutation: Your system is resistant to poisons.
                  | (rPois) [potion of mutation]
 10009 | Ossuary  | Entered an ossuary
 10270 | Ossuary  | Learned a level 4 spell: Ice Form
 10833 | D:8      | Noticed Prince Ribbit
 10850 | D:8      | Reached skill level 5 in Fighting
 10854 | D:8      | Killed Prince Ribbit
 10854 | D:8      | Reached skill level 8 in Unarmed Combat
 10860 | D:8      | HP: 2/54 [orc priest/divine providence (14)]
 10881 | D:9      | HP: 2/54 [black bear (8)]
 10881 | D:9      | Slain by a black bear

Illustrated notes

Levels and vault maps discovered:
D:1:      dpeg_arrival_tiny_d, layout_basic
D:2:      layout_basic, nemelex_altar_shiori, kennysheep_vampire_church,
          minmay_misc_feat_alley
D:3:      layout_loops_corners, old_standard_altar, lightli_temple_of_fire,
          nicolae_overflow_hidden_temple, gammafunk_temple_overflow_forgotten,
          chequers_ecumenical_altar_simple_redux, uniq_crazy_yiuf_cottage
D:4:      layout_rooms, led_sif_pool, kennysheep_generic_room_13, uniq_pikel,
          uniq_edmund
D:5:      layout_rooms, minmay_temple_entry_wispy, chequers_big_river
D:6:      layout_gridville, portal_sewer_entry_e
D:7:      layout_cave_pods, grunt_dithmenos_smoke, basic_altar
D:8:      minmay_polygon_palace, layout_basic, okawaru_metal_pillars_1_2,
          erik_lair_orcish_takeover, nicolae_ossuary_entry_plus,
          uniq_prince_ribbit1
D:9:      layout_roguey, nicolae_overflow_crystal_walls, kennysheep_mini_moat,
          eino_house_with_fridge

Skill      XL: |  1  2  3  4  5  6  7  8  9 |
---------------+----------------------------+-----
Transmutations | 3 4 5 6 7 |  7.6
Unarmed Combat | 4 5 6 8 |  8.0
Fighting       | 2 3 4 5 |  5.1
Dodging        | 3 4 5 |  5.5
Spellcasting   | 3 |  3.0

Action                   |  1- 3 |  4- 6 |  7- 9 || total
-------------------------+-------+-------+-------++-------
Melee: Unarmed           |    65 |   134 |   230 ||   429
       Kick              |    10 |    14 |    34 ||    58
       Constrict         |    17 |    25 |    42 ||    84
       Tentacles         |     7 |    22 |    32 ||    61
       Punch             |     1 |     2 |     6 ||     9
 Cast: Beastly Appendage |    16 |    21 |    23 ||    60
       Spider Form       |       |     2 |    11 ||    13
       Blade Hands       |       |       |     3 ||     3
 Abil: End Transformatio |       |       |     1 ||     1
  Use: Scroll            |     1 |       |    21 ||    22
       Potion            |       |       |     7 ||     7
 Stab: Sleeping          |     2 |     4 |     2 ||     8
       Distracted        |       |       |     2 ||     2
Armor: Skin              |     5 |     7 |     8 ||    20
Dodge: Dodged            |    30 |   104 |   140 ||   274

Table legend: (Time is in decaauts)
 A = Elapsed time spent in this place.
 B = Non-inter-level travel time spent in this place.
 C = Inter-level travel time spent in this place.
 D = Time resting spent in this place.
 E = Time spent auto-exploring this place.
 F = Levels seen in this place.
 G = Mean time per level.
                   A        B        C        D        E       F      G
               +--------+--------+--------+--------+--------+-----+--------+
         Total |  10843 |  10685 |    158 |    843 |   8485 |  10 | 1084.3 |
       Dungeon |  10097 |   9939 |    158 |    816 |   7876 |   9 | 1121.9 |
       Ossuary |    746 |    746 |      0 |     27 |    609 |   1 |  746.0 |
               +--------+--------+--------+--------+--------+-----+--------+

Top non-repeatable levels by time:
     D:2: 2049 daAuts
     D:3: 1936 daAuts
     D:5: 1360 daAuts
     D:1: 1351 daAuts
     D:6: 1144 daAuts
     D:4: 1042 daAuts
     D:7: 1039 daAuts
 Ossuary: 746 daAuts
     D:8: 168 daAuts
     D:9: 4 daAuts
